 Dungeon Crawl Stone Soup version 0.23.0-3-gf3c87f2 (webtiles) character file.

Game seed: 11644691882775000802

64 Lanoc the Shield-Bearer (level 4, -1/37 HPs)
             Began as a Formicid Fighter on Feb 23, 2019.
             Slain by Grinder (4 damage)
             ... on level 3 of the Dungeon.
             The game lasted 00:02:15 (883 turns).

Lanoc the Shield-Bearer (Formicid Fighter)           Turns: 883, Time: 00:02:15

Health: -1/37      AC:  6    Str: 26    XL:     4   Next: 32%
Magic:  4/4        EV:  9    Int:  7    God:
Gold:   47         SH: 10    Dex: 14    Spells: 3/3 levels left

rFire    . . .     SeeInvis +   a - +0 long sword
rCold    . . .     Gourm    .   c - +0 shield
rNeg     . . .     Faith    .   b - +0 scale mail
rPois    .         Spirit   .   (helmet unavailable)
rElec    .         Reflect  .   (no cloak)
rCorr    .         Harm     .   (no gloves)
MR       .....                  (no boots)
Stlth    ..........             (no amulet)
HPRegen  0.12/turn              g - ring of flight
MPRegen  0.09/turn              o - +3 ring of dexterity

@: mighty
A: permanent stasis, dig shafts and tunnels, four strong arms, antennae 3
a: Dig, Shaft Self, Evoke Flight


You were on level 3 of the Dungeon.
You were not hungry.

You visited 1 branch of the dungeon, and saw 3 of its levels.

You collected 47 gold pieces.

Inventory:

Hand Weapons
 a - a +0 long sword (weapon)
Armour
 b - a +0 scale mail (worn)
 c - a +0 shield (worn)
Jewellery
 g - a ring of flight (left hand)
 o - a +3 ring of dexterity (right hand)
Wands
 p - a wand of disintegration (6)
Scrolls
 e - 2 scrolls of amnesia {unknown}
 h - 3 scrolls of identify {unknown}
 l - a scroll of enchant armour {unknown}
 m - a scroll of enchant weapon {unknown}
 n - a scroll of noise {unknown}
 q - 2 scrolls of teleportation {unknown}
Potions
 i - a potion of ambrosia {unknown}
 k - a potion of haste {unknown}
Comestibles
 f - 4 rations


   Skills:
 + Level 3.7 Fighting
 * Level 3.0 Long Blades
 + Level 3.6 Armour
 + Level 1.0 Dodging
 + Level 4.0 Shields


You had 3 spell levels left.
You didn't know any spells.
Your spell library was empty.

Dungeon Overview and Level Annotations

Branches:
Dungeon (3/15)

Altars:

Annotations:
D:3 Grinder


Innate Abilities, Weirdness & Mutations

You cannot be hasted, slowed, berserked, paralysed or teleported.
You can dig through walls and to a lower floor.
Your four strong arms can wield two-handed weapons with a shield.
You have a pair of large antennae on your head. (SInv)


Message History

You block the orc's attack.
It was a potion of curing.
You feel better. You block Grinder's attack. The kobold closely misses you.
You block the orc's attack.
You feel better. Grinder gestures at you. Pain shoots through your body!
The kobold completely misses you.
You riposte.
You completely miss the kobold.
You feel very mighty all of a sudden. The orc hits you with a +0 mace.
Grinder hits you!
* * * LOW HITPOINT WARNING * * *
The kobold closely misses you.
You riposte.
Your shield and scale mail prevent you from hitting the kobold.
You feel better. The orc hits you but does no damage.
Grinder hits you but does no damage. You block the kobold's attack.
You slash Grinder!
Grinder is severely wounded.
Grinder hits you!
* * * LOW HITPOINT WARNING * * *
You writhe in agony.
You die...

##.............##.. .
#.................
$.#................
...>...<..........#
..................#
#..............[.#
.##...o...........######
......5@.........(......
.##...K...#........#####
#....#####..##........
#...# #.####....... #..#
#.# ##...... .... #.#
#.(.... #... ..# #......
#... ### #...... #......


You could see Grinder, an orc and a kobold.

Vanquished Creatures
  An adder (D:2)
  A worm (D:3)
  2 dart slugs
  2 leopard geckos (D:2)
  5 bats
  4 giant cockroaches (D:1)
  A goblin (D:3)
  5 hobgoblins
  3 jackals (D:2)
  A quokka (D:2)
  3 frilled lizards
  9 kobolds
  5 rats
42 creatures vanquished.

Notes
Turn   | Place    | Note
-------+----------+-------------------------------------------
     0 | D:1      | Lanoc the Formicid Fighter began the quest for the Orb.
     0 | D:1      | Reached XP level 1. HP: 18/18 MP: 1/1
     2 | D:1      | Noticed a merfolk
     4 | D:1      | Noticed an elf
     4 | D:1      | Noticed a human
     6 | D:1      | Noticed a minotaur
     8 | D:1      | Noticed a felid
     8 | D:1      | Noticed a draconian
    10 | D:1      | Noticed a gargoyle
    10 | D:1      | Noticed an octopode
    12 | D:1      | Noticed a vine stalker
    12 | D:1      | Noticed a troll
    14 | D:1      | Noticed a tengu
    14 | D:1      | Noticed an ogre
    16 | D:1      | Noticed a ghoul
    16 | D:1      | Noticed a dwarf
    18 | D:1      | Noticed a naga
    20 | D:1      | Noticed a halfling
    22 | D:1      | Noticed a centaur
    22 | D:1      | Noticed a demonspawn
    24 | D:1      | Noticed a demigod
    24 | D:1      | Noticed a formicid
    26 | D:1      | Noticed a vampire
    26 | D:1      | Noticed a spriggan
    71 | D:1      | Reached XP level 2. HP: 15/24 MP: 2/2
   203 | D:1      | Reached XP level 3. HP: 27/29 MP: 3/3
   367 | D:2      | Reached skill level 4 in Shields
   766 | D:2      | Reached XP level 4. HP: 30/37 MP: 4/4
   810 | D:3      | Reached skill level 1 in Dodging
   870 | D:3      | Noticed Grinder
   883 | D:3      | Slain by Grinder

Skill      XL: |  1  2  3  4 |
---------------+-------------+-----
Shields        | 4 |  4.0
Dodging        | 1 |  1.0
Long Blades    | 3 |  3.0
Fighting       | |  3.7
Armour         | |  3.6

Action                   |  1- 3 |  4- 6 || total
-------------------------+-------+-------++-------
Melee: Long sword        |   100 |    28 ||   128
 Abil: Dig               |     1 |       ||     1
  Use: Potion            |       |     4 ||     4
Armor: Scale mail        |    61 |     6 ||    67
Dodge: Dodged            |    47 |    13 ||    60
Block: Shield            |    53 |    12 ||    65
       Rpst.: Long sword |    16 |     3 ||    19
